 Dungeon Crawl Stone Soup version 0.20.1-1-g8b1a95d (webtiles) character file.

7217 LarsimusPrime the Basher (level 10, -1/91 HPs)
             Began as a Minotaur Berserker on Oct 8, 2017.
             Was a High Priest of Trog.
             Slain by a death yak (6 damage)
             ... on level 8 of the Dungeon.
             The game lasted 00:33:57 (9152 turns).

LarsimusPrime the Basher (Minotaur Berserker)       Turns: 9152, Time: 00:33:58

Health: -1/91      AC: 17    Str: 22    XL:     10   Next: 87%
Magic:  9/9        EV:  9    Int:  5    God:    Trog [*****.]
Gold:   427        SH:  0    Dex: 12    Spells: 9/9 levels left

rFire    . . .     SeeInvis .   I - +0 dire flail
rCold    + . .     Gourm    .   (shield currently unavailable)
rNeg     + . .     Faith    .   H - +0 plate armour "Tiohoc" {rC+}
rPois    .         Spirit   .   (helmet restricted)
rElec    .         Reflect  .   s - +0 cloak
rCorr    .         Harm     +   (no gloves)
MR       .....                  (no boots)
Stlth    ..........             y - amulet of harm
Regen    0.3/turn               k - ring of flight
MPRegen  0.2/turn               q - ring of positive energy

@: no status effects
A: retaliatory headbutt, horns 2
a: Berserk, Trog's Hand, Brothers in Arms, Burn Spellbooks, Renounce Religion,
Evoke Flight


You were on level 8 of the Dungeon.
You worshipped Trog.
Trog was extremely pleased with you.
You were hungry.

You visited 1 branch of the dungeon, and saw 9 of its levels.

You collected 427 gold pieces.

Inventory:

Hand Weapons
 a - a +0 mace
 g - a +2 antimagic quarterstaff
 r - a +2 quarterstaff of chaos
 A - a +0 whip of venom
 B - a +0 halberd
 D - a +0 battleaxe
 G - a +2 whip of flaming
 I - a +0 dire flail (weapon)
 L - a +0 dire flail
Missiles
 e - 7 javelins (quivered)
 w - 5 tomahawks
Armour
 b - a +0 animal skin
 l - a +0 ring mail
 m - a +0 chain mail
 o - a +0 plate armour
 s - a +0 cloak (worn)
 H - the +0 plate armour "Tiohoc" (worn) {rC+}
   (You found it on level 5 of the Dungeon)

   It protects you from cold.
Jewellery
 k - a ring of flight (left hand)
 q - a ring of positive energy (right hand)
 y - an amulet of harm (around neck)
 P - a cursed ring of loudness {unknown}
Wands
 x - a wand of flame (41/48)
 J - a wand of random effects (35/48)
 M - a wand of lightning (7/15)
Scrolls
 h - 2 scrolls of teleportation
 t - 9 scrolls of identify
 u - 2 scrolls of magic mapping
 z - 4 scrolls of recharging
 K - a scroll of blinking
 N - a scroll of remove curse
 Q - a scroll of random uselessness {unknown}
Potions
 f - 3 potions of heal wounds {unknown}
 i - 3 potions of resistance {unknown}
 p - 2 potions of degeneration {unknown}
 v - 2 potions of magic {unknown}
 E - 2 potions of flight {unknown}
 F - a potion of ambrosia {unknown}
 O - a potion of lignification {unknown}
Comestibles
 c - 7 bread rations
 j - 4 royal jellies
 n - 15 fruits
 C - 5 meat rations


   Skills:
 + Level 9.3 Fighting
 + Level 12.9 Maces & Flails
 + Level 12.0 Armour
 + Level 4.2 Dodging
 - Level 1.0 Stealth


You had 9 spell levels left.
You didn't know any spells.

Dungeon Overview and Level Annotations

Branches:
Dungeon (9/15)             Temple (0/1) D:6            Lair (0/6) D:9
    Orc: D:9-12

Altars:
Kikubaaqudgha
Makhleb
Ru
Sif Muna

Shops:
D:4 [   D:8 %


Innate Abilities, Weirdness & Mutations

You reflexively headbutt those who attack you in melee.
You have a pair of horns on your head.


Message History

You headbutt the killer bee.
The death yak gores you but does no damage.
You climb upwards.
There is a stone staircase leading down here.
You closely miss the killer bee.
The killer bee is heavily wounded.
The killer bee stings you.
* * * LOW HITPOINT WARNING * * *
You miss the killer bee. You headbutt the killer bee!
You kill the killer bee!
Trog accepts your kill. The death yak gores you!!
* * * LOW HITPOINT WARNING * * *
Unknown command.
You feel better. The death yak gores you.
* * * LOW HITPOINT WARNING * * *
You bludgeon the death yak!!
The death yak is heavily wounded.
The death yak gores you.
You die...

................###....'.........
##...(#..####....#...###.........
#.#.....# ####...### ##.......#
#.##.##.# #.### ##..)..##
#.......# #.# ##)).## ####.####
#.# ########'## #.# #.#
#<.......# #####.#
#†####.#####..# ...##.#
#@Y.......##..## ##.##.#
######.##<##...## ......#
#.##.#....(## ##.####
#.##......... #.# #........####
#.# ########## # #.# # ##.# ...#


You could see a death yak.

Vanquished Creatures
  A two-headed ogre (D:9)
  2 death yaks (D:9)
  Pikel (D:6)
  A hippogriff (D:9)
  A spriggan (D:7)
  A vampire (D:9)
  A porcupine (D:9)
  2 sky beasts
  4 orc warriors
  2 black bears
  4 phantoms
  4 slaves (D:6)
  3 ogres
  3 centaurs
  A crocodile (D:6)
  3 bullfrogs
  9 big kobolds (D:4)
  Blork the orc (D:6)
  2 scorpions
  7 killer bees
  A howler monkey (D:4)
  3 crimson imps
  3 hounds (D:4)
  A bullfrog skeleton (D:7)
  A gnoll shaman (D:4)
  7 orc priests
  Crazy Yiuf (D:2)
  Terence (D:2)
  An iguana (D:6)
  7 orc wizards
  10 worker ants
  A hound skeleton (D:5)
  8 gnolls
  14 adders
  A howler monkey skeleton (D:6)
  2 shadow imps
  An ooze (D:6)
  6 worms
  4 dart slugs (D:1)
  2 leopard geckos
  15 orcs
  4 ball pythons
  A giant cockroach (D:1)
  5 goblins
  14 hobgoblins
  14 jackals
  7 quokkas
  A ball python skeleton (D:4)
  6 bats
  43 kobolds
  A leopard gecko skeleton (D:4)
  10 rats
  A butterfly (D:6)
250 creatures vanquished.

Notes
Turn   | Place    | Note
-------+----------+-------------------------------------------
     0 | D:1      | LarsimusPrime the Minotaur Berserker began the quest for the Orb.
     0 | D:1      | Reached XP level 1. HP: 19/19 MP: 0/0
    87 | D:1      | Reached XP level 2. HP: 16/27 MP: 1/1
   747 | D:1      | Reached XP level 3. HP: 25/34 MP: 2/2
   975 | D:1      | Reached ** piety under Trog
  1093 | D:2      | Reached skill level 5 in Maces & Flails
  1093 | D:2      | Reached XP level 4. HP: 27/41 MP: 3/3
  1305 | D:2      | Noticed Terence
  1312 | D:2      | Killed Terence
  1385 | D:2      | Found a deep blue altar of Sif Muna.
  1488 | D:2      | Found a runed door.
  1492 | D:2      | Noticed Crazy Yiuf
  1501 | D:2      | Killed Crazy Yiuf
  1501 | D:2      | Reached skill level 5 in Fighting
  1501 | D:2      | Reached XP level 5. HP: 12/48 MP: 4/4
  2422 | D:3      | Reached *** piety under Trog
  2629 | D:4      | Reached XP level 6. HP: 56/56 MP: 5/5
  2690 | D:4      | You fall through a shaft!
  2690 | D:5      | Entered Level 5 of the Dungeon
  2867 | D:5      | Reached skill level 5 in Armour
  2892 | D:5      | Reached skill level 1 in Stealth
  2892 | D:5      | Reached XP level 7. HP: 39/61 MP: 6/6
  3001 | D:4      | Found Dehelasm's Armour Boutique.
  3685 | D:4      | Reached **** piety under Trog
  3765 | D:4      | Reached XP level 8. HP: 46/70 MP: 7/7
  4443 | D:5      | Found a sacrificial altar of Ru.
  4448 | D:5      | Got a transparent plate armour
  4449 | D:5      | Identified the cursed +0 plate armour "Tiohoc" {rC+} (You found it on level 5 of the Dungeon)
  5304 | D:6      | Reached ***** piety under Trog
  5352 | D:6      | Found a staircase to the Ecumenical Temple.
  5432 | D:6      | Noticed Pikel
  5463 | D:6      | Reached XP level 9. HP: 43/79 MP: 8/8
  5478 | D:6      | Killed Pikel
  5478 | D:6      | Reached skill level 10 in Maces & Flails
  5699 | D:6      | Noticed Blork the orc
  5718 | D:6      | Killed Blork the orc
  5718 | D:6      | Received a gift from Trog
  5791 | D:6      | Found an ancient bone altar of Kikubaaqudgha.
  6468 | D:7      | Reached skill level 10 in Armour
  7303 | D:8      | Reached XP level 10. HP: 76/88 MP: 9/9
  7845 | D:8      | Found Faydy's Food Boutique.
  7901 | D:8      | Found a burning altar of Makhleb.
  7901 | D:8      | Noticed a cacodemon
  8344 | D:9      | Noticed a two-headed ogre
  8357 | D:9      | Killed a two-headed ogre
  9005 | D:9      | Found a staircase to the Lair.
  9005 | D:9      | Noticed a death yak
  9006 | D:9      | Noticed a death yak
  9007 | D:9      | Noticed a death yak
  9018 | D:9      | Noticed a purple ugly thing
  9030 | D:9      | Killed a death yak
  9039 | D:9      | HP: 4/91 [death yak (19)]
  9074 | D:9      | Killed a death yak
  9150 | D:8      | HP: 3/91 [death yak (22)]
  9152 | D:8      | Slain by a death yak

Skill      XL: |  1  2  3  4  5  6  7  8  9 10 |
---------------+-------------------------------+-----
Maces & Flails | 4 5 6 8 9 11 12 | 12.9
Fighting       | 4 5 6 7 8 9 |  9.3
Armour         | 3 4 5 6 8 10 12 | 12.0
Stealth        | 1 |  1.0
Dodging        | 3 4 |  4.2

Action                   |  1- 3 |  4- 6 |  7- 9 | 10-12 || total
-------------------------+-------+-------+-------+-------++-------
Melee: Mace              |    73 |   128 |   189 |       ||   390
       Headbutt          |    15 |    24 |    79 |    29 ||   147
       Whip              |       |    16 |   231 |       ||   247
       Dire flail        |       |       |     6 |   124 ||   130
Invok: Berserk           |       |     2 |     2 |     1 ||     5
       Burn Spellbooks   |       |       |     1 |       ||     1
       Trog's Hand       |       |       |       |     1 ||     1
  Use: Scroll            |       |       |     9 |       ||     9
       Potion            |       |       |       |     5 ||     5
  Eat: Chunk             |     1 |     7 |    12 |     6 ||    26
       Bread ration      |       |       |     1 |       ||     1
Armor: Animal skin       |     9 |       |       |       ||     9
       Chain mail        |     5 |    78 |   158 |       ||   241
       Plate armour      |       |       |   127 |    59 ||   186
Dodge: Dodged            |    52 |    76 |   197 |    34 ||   359
